AoeStats
← Jaja

Arena

509418976Analyzed
1v1 RM · 7d ago on Sep 26, 2026· 37m 8s· 2 players
Game mode
Random Map
Map size
Tiny (2 player)
Population
200
Speed
Normal
Resources
Standard
Victory
Conquest
Starting age
Dark Age
Ending age
Imperial Age
RankedLock teamsTeams togetherTeam positionsShared explorationLock speedFull tech treeHidden civsTurbo modeCheats
Victory
Defeat
🇭🇺 Burgundians · Hungary
849
+14
🇮🇳 Japanese · India
804
-14
Kcrishi
10:30 Feudal Age
11:01 Double-Bit Axe
10:59 Horse Collar
18:20 Castle Age
16:41 Fletching
18:34 Scale Mail Armor
18:45 Forging
22:17 Pikeman
23:21 Bow Saw
27:52 Ballistics
27:48 Loom
29:11 Bodkin Arrow
29:33 Chain Mail Armor
29:26 Man-at-Arms
29:53 Gambesons
30:58 Long Swordsman
39:52 Imperial Age
37:59 Wheelbarrow
Jaja
11:11 Feudal Age
11:08 Double-Bit Axe
12:09 Horse Collar
15:11 Castle Age
13:58 Bow Saw
13:42 Gold Mining
16:53 Fervor
26:37 Ballistics
27:44 Fletching
27:55 Padded Archer Armor
27:47 Town Watch
27:48 Loom
31:21 Imperial Age
29:27 Wheelbarrow
31:48 Bodkin Arrow
32:09 Leather Archer Armor
33:23 Chemistry
32:36 Forging
31:53 Elite Skirmisher
32:52 Fortified Wall
32:54 Masonry
35:00 Two-Man Saw
34:03 Bracer
35:13 Iron Casting
Connection lost

Rejoining the realm…

Still unreachable

The connection could not be restored.

Session expired

The server has moved on; the page needs a fresh start.